 Dungeon Crawl Stone Soup version 0.16-a0-2898-gc475c69 (webtiles) character file.

2390 Kemay the Skirmisher (level 9, -5/64 HPs)
             Began as an Octopode Transmuter on Dec 1, 2014.
             Was a Follower of Sif Muna.
             Slain by Duvessa
             ... wielding a +0 rapier
              (18 damage)
             ... on level 7 of the Dungeon.
             The game lasted 00:43:45 (8853 turns).

Kemay the Skirmisher (Octopode Transmuter)          Turns: 8853, Time: 00:43:46

Health: -5/64      AC:  1    Str:  9    XL:     9   Next: 46%
Magic:  28/28      EV: 17    Int: 15    God:    Sif Muna [*.....]
Gold:   442        SH:  0    Dex: 16    Spells: 4 memorised, 5 levels left

rFire  + + .     SeeInvis .     v - +0 whip (elec)
rCold  x . .     Clarity  .     (no shield)
rNeg   . . .     SustAb   .     (helmet restricted)
rPois  .         Gourm    .     i - amulet of resist corrosion
rElec  .         Spirit   .     f - +4 ring of slaying
rCorr  +         Warding  .     q - ring of fire
rMut   .         Stasis   .     u - ring of protection from cold
MR     .....                    A - ring of fire
Stlth  ++........               G - ring of magical power
                                (no ring)
                                (no ring)
                                (no ring)

@: appendage (expiring), not resistant to hostile enchantments, unstealthy
A: almost no armour, amphibious, 8 rings, constrict 8, tentacle spike 3,
camouflage 1, gelatinous body 1
a: End Transformation, Channel Energy, Renounce Religion


You were on level 7 of the Dungeon.
You worshipped Sif Muna.
Sif Muna was aware of your devotion.
You were hungry.
One of your tentacles had a temporary spike.
You visited 2 branches of the dungeon, and saw 8 of its levels.
You also visited: Sewer.

You collected 442 gold pieces.

Inventory:

Hand weapons
 j - a +2 dire flail
 v - a +0 whip of electrocution (weapon)
Jewellery
 f - a +4 ring of slaying (left tentacle)
 i - an amulet of resist corrosion (around mantle)
 q - a ring of fire (right tentacle)
 u - a ring of protection from cold (on tentacle)
 A - a ring of fire (on tentacle)
 G - a ring of magical power (on tentacle)
Magical devices
 k - a wand of magic darts (21)
 C - a wand of fire (9)
 F - a wand of paralysis (12)
Scrolls
 h - a scroll of fear
 m - 4 scrolls of magic mapping
 o - a scroll of remove curse
 w - a scroll of recharging
 y - 3 scrolls of teleportation
 D - a scroll of identify
 E - a scroll of noise {unknown}
 I - a scroll of silence
Potions
 b - a potion of agility
 c - a potion of brilliance
 e - 2 potions of flight
 l - 6 potions of curing
 p - a potion of resistance {unknown}
 r - 3 potions of magic
 s - 2 potions of might {unknown}
 z - a potion of restore abilities {unknown}
Books
 d - a book of Changes

   Spells                             Type                      Level
   a - Beastly Appendage              Transmutation                1
   b - Sticks to Snakes               Transmutation                2
   c - Spider Form                    Transmutation/Poison         3
   d - Ice Form                       Ice/Transmutation            4
   e - Blade Hands                    Transmutation                5
 n - a book of Air

   Spells                             Type                      Level
   a - Shock                          Conjuration/Air              1
   b - Swiftness                      Charms/Air                   2
   c - Repel Missiles                 Charms/Air                   2
   d - Flight                         Charms/Air                   3
   e - Static Discharge               Conjuration/Air              3
   f - Lightning Bolt                 Conjuration/Air              5
 t - a book of Burglary

   Spells                             Type                      Level
   a - Swiftness                      Charms/Air                   2
   b - Passwall                       Transmutation/Earth          3
   c - Passage of Golubria            Translocation                4
   d - Lee's Rapid Deconstruction     Earth                        5
   e - Invisibility                   Hexes                        6
   f - Darkness                       Hexes                        7
 B - a book of the Earth

   Spells                             Type                      Level
   a - Leda's Liquefaction            Hexes/Earth                  4
   b - Bolt of Magma                  Conjuration/Fire/Earth       5
   c - Statue Form                    Transmutation/Earth          6
   d - Iron Shot                      Conjuration/Earth            6
   e - Shatter                        Earth                        9
Comestibles
 a - 3 bread rations
 g - a beef jerky
 x - 3 meat rations


   Skills:
 - Level 7.3 Fighting
 - Level 7.2 Dodging
 - Level 4.0 Unarmed Combat
 - Level 4.0 Spellcasting
 + Level 5.8 Transmutations


You had 5 spell levels left.
You knew the following spells:

 Your Spells              Type           Power        Failure   Level  Hunger
a - Beastly Appendage     Trmt           ###...       1%          1    None
b - Blade Hands           Trmt           ###.......   54%         5    ######.
c - Repel Missiles        Chrm/Air       #.....       28%         2    ##.....
d - Passwall              Trmt/Erth      ##........   21%         3    ###....


Dungeon Overview and Level Annotations

Branches:
Dungeon (7/15)             Temple (1/1) D:4

Altars:
Ashenzari
Cheibriados
Dithmenos
Fedhas
Gozag
Kikubaaqudgha
Makhleb
Nemelex Xobeh
Okawaru
Qazlal
Ru
Sif Muna
Trog
Vehumet
Xom
Yredelemnul
Zin
The Shining One

Shops:
D:5 }

Annotations:
D:7 Duvessa


Innate Abilities, Weirdness & Mutations

You cannot wear most types of armour.
You are amphibious.
You can wear up to eight rings at the same time.
You can use your tentacles to constrict many enemies at once.
Your skin changes colour to match your surroundings (Stealth).
Your rubbery body absorbs attacks (AC +1).
One of your tentacles bears a large vicious spike.


Message History

You pierce Duvessa, but do no damage.
Duvessa is lightly wounded.
You constrict Duvessa, but do no damage.
Duvessa completely misses you. Duvessa hits you with a rapier.
* * * LOW HITPOINT WARNING * * *
You completely miss Duvessa. You squeeze Duvessa!
Duvessa is moderately wounded.
You constrict Duvessa. Duvessa barely misses you.
You hit Duvessa but do no damage.
There is a sudden explosion of sparks!
You pierce Duvessa, but do no damage.
Duvessa is heavily wounded.
You constrict Duvessa. Duvessa barely misses you.
Duvessa hits you with a rapier!
* * * LOW HITPOINT WARNING * * *
Drink which item? (? for menu, Esc to quit)
You feel better.
You constrict Duvessa. Duvessa hits you with a rapier!
* * * LOW HITPOINT WARNING * * *
Drink which item? (? for menu, Esc to quit)
You feel better.
You constrict Duvessa. Duvessa hits you with a rapier!!
You die...

###########.###.###.#...##
#.# #.# #.##.####### # #.#
#.###....!....... # #.#
#.......)........ # #.#
########.######## # #.#
#.# # #.### #.#
#...########.# #
#...@e.......# #
########.#.########## #
#........#.#
######.########.# .......#
#># ########## #.#
.........# #.#
########.######.#
#.>......#


You could see Duvessa (berserk).

Vanquished Creatures
  Prince Ribbit (D:7)
  A sky beast (D:7)
  A phantom (D:5)
  3 ogres
  A centaur (D:6)
  4 big kobolds (Sewer)
  A giant frog (D:7)
  3 scorpions
  3 wights (D:7)
  A crimson imp (D:3)
  A giant frog zombie (D:7)
  Dowan (D:7)
  3 giant frog skeletons
  2 hounds
  An orc priest (D:7)
  A centaur skeleton (D:7)
  2 iguanas
  5 worker ants
  2 orange rats (D:5)
  A hound zombie (D:6)
  A worker ant zombie (D:5)
  9 adders
  10 gnolls
  12 river rats
  A giant mite (D:2)
  9 worms
  An adder zombie (D:5)
  An adder skeleton (D:4)
  4 giant geckos
  4 oozes (Sewer)
  6 orcs
  12 bats
  A bat skeleton (D:4)
  A bat zombie (D:5)
  6 giant cockroaches
  12 goblins
  13 hobgoblins
  15 jackals
  28 kobolds
  A giant cockroach zombie (D:5)
  6 giant newts
  A jackal skeleton (D:7)
  2 quokkas
  40 rats
234 creatures vanquished.

Notes
Turn   | Place    | Note
--------------------------------------------------------------
     0 | D:1      | Kemay, the Octopode Transmuter, began the quest for the Orb.
     0 | D:1      | Reached XP level 1. HP: 13/13 MP: 3/3
   219 | D:1      | Reached XP level 2. HP: 13/18 MP: 2/4
   454 | D:1      | Reached XP level 3. HP: 16/23 MP: 6/6
   795 | D:2      | Found a sparkling altar of Nemelex Xobeh.
  1249 | D:2      | Reached skill level 4 in Dodging
  1575 | D:2      | Reached XP level 4. HP: 23/28 MP: 5/7
  1745 | D:2      | Found a glowing golden altar of the Shining One.
  1747 | D:2      | Found a deep blue altar of Sif Muna.
  1751 | D:2      | Found a stormy altar of Qazlal.
  1772 | D:2      | Became a worshipper of Sif Muna the Loreminder
  2404 | D:3      | Reached skill level 5 in Dodging
  2404 | D:3      | Reached XP level 5. HP: 28/33 MP: 7/9
  2536 | D:3      | Learned a level 5 spell: Blade Hands
  2655 | D:3      | Found a burning altar of Makhleb.
  2733 | D:3      | Found a bloodstained altar of Trog.
  2801 | D:3      | Reached skill level 6 in Dodging
  2818 | D:3      | Reached XP level 6. HP: 38/38 MP: 10/10
  3620 | D:4      | Reached XP level 7. HP: 42/45 MP: 12/12
  3726 | D:4      | Found a glowing silver altar of Zin.
  3727 | D:4      | Found an opulent altar of Gozag.
  4407 | D:4      | Found a staircase to the Ecumenical Temple.
  4418 | Temple   | Entered the Ecumenical Temple
  4840 | D:5      | Entered Level 5 of the Dungeon
  4849 | D:5      | Found a snail-covered altar of Cheibriados.
  4900 | D:5      | Found a glowing drain.
  4905 | Sewer    | Entered a sewer
  4942 | Sewer    | Reached skill level 5 in Fighting
  5110 | Sewer    | Reached XP level 8. HP: 55/57 MP: 13/13
  5820 | D:5      | Found Qailiv's Gadget Shop.
  5827 | D:5      | Learned a level 2 spell: Repel Missiles
  5869 | D:5      | Reached skill level 7 in Fighting
  5874 | D:5      | Learned a level 3 spell: Passwall
  7264 | D:6      | Found an ancient bone altar of Kikubaaqudgha.
  7971 | D:7      | Reached XP level 9. HP: 49/64 MP: 14/17
  8076 | D:7      | Noticed Prince Ribbit
  8146 | D:7      | Acquired Sif Muna's first power
  8376 | D:7      | Paralysed by a kobold for 3 turns
  8629 | D:7      | Noticed Dowan
  8652 | D:7      | Killed Prince Ribbit
  8652 | D:7      | Reached skill level 5 in Transmutations
  8829 | D:7      | Noticed Duvessa
  8832 | D:7      | Killed Dowan
  8852 | D:7      | HP: 3/64 [Duvessa/rapier (7)]
  8853 | D:7      | Slain by Duvessa

Action                   |  1- 3 |  4- 6 |  7- 9 || total
-------------------------+-------+-------+-------++-------
Melee: Unarmed           |    70 |    73 |       ||   143
       Whip              |       |    39 |   250 ||   289
       Dire flail        |       |       |    45 ||    45
 Cast: Beastly Appendage |    13 |    16 |    50 ||    79
  Use: Scroll            |     3 |     5 |    12 ||    20
       Potion            |       |       |     3 ||     3
 Stab: Sleeping          |     1 |     1 |    10 ||    12
  Eat: Chunk             |     2 |     7 |     7 ||    16
       Bread ration      |       |       |     2 ||     2
       Pizza             |       |       |     1 ||     1
